 Dungeon Crawl Stone Soup version 0.17.2-1-ge4368a0 (webtiles) character file.

1999 magog001 the Bolt Thrower (level 9, -11/67 HPs)
             Began as a Formicid Hunter on Oct 8, 2016.
             Was an Initiate of Gozag.
             Killed from afar by Joseph (25 damage)
             ... with a wand of fire
             ... on level 7 of the Dungeon.
             The game lasted 00:46:56 (6542 turns).

magog001 the Bolt Thrower (Formicid Hunter)         Turns: 6542, Time: 00:46:56

Health: -11/67     AC: 12    Str: 21    XL:     9   Next: 45%
Magic:  9/9        EV: 13    Int: 10    God:    Gozag
Gold:   532        SH:  0    Dex: 11    Spells: 0 memorised, 8 levels left

rFire  x . .     SeeInvis +     o - +2 dagger (venom)
rCold  + . .     Clarity  .     g - +3 ring mail
rNeg   . . .     SustAt   .     (no shield)
rPois  +         Gourm    .     (helmet unavailable)
rElec  .         Spirit   .     D - +0 cloak
rCorr  .         Warding  .     t - +1 pair of gloves
rMut   .         Stasis   +     (no boots)
MR     .....                    (no amulet)
Stlth  +.........               q - ring of poison resistance
                                r - ring of ice

@: not resistant to hostile enchantments, very unstealthy
A: permanent stasis, dig shafts and tunnels, four strong arms, antennae 3
a: Dig, Shaft Self, Potion Petition, Call Merchant, Bribe Branch, Renounce
Religion


You were on level 7 of the Dungeon.
You worshipped Gozag.
Gozag was noncommittal.
You were not hungry.

You visited 1 branch of the dungeon, and saw 7 of its levels.

You collected 629 gold pieces.
You paid 97 gold pieces to Gozag.

Inventory:

Hand Weapons
 a - a +1 hand crossbow
 b - a +0 flail of protection
 f - a +1 hand axe of flaming
 i - a +1 dagger of venom
 o - a +2 dagger of venom (weapon)
 C - a +3 quarterstaff of chaos
 F - a +0 shortbow
 G - a +0 morningstar
 H - a +0 hand crossbow
 J - a +0 hunting sling
Missiles
 d - 3 bolts
 w - 55 arrows
 z - 30 sling bullets
 K - 9 poisoned needles
Armour
 g - a +3 ring mail (worn)
 t - a +1 pair of gloves (worn)
 D - a +0 cloak (worn)
 E - the +1 robe of the Princess {rN+ Int+4}
   (You found it on level 6 of the Dungeon)

   It affects your intelligence (+4).
   It protects you from negative energy.
Jewellery
 q - a ring of poison resistance (right hand)
 r - a ring of ice (left hand)
Wands
 p - a wand of cold (0)
 A - a wand of disintegration (5)
 B - a wand of fireball (8)
 M - a wand of random effects (16)
 P - a wand of confusion (32)
 R - a wand of draining (1)
Scrolls
 k - 3 scrolls of remove curse
 v - a scroll of fog {unknown}
 y - a scroll of immolation
 I - a scroll of magic mapping {unknown}
Potions
 c - 2 potions of haste
 h - 3 potions of brilliance
 l - a potion of lignification {unknown}
 m - a potion of cure mutation {unknown}
 s - 4 potions of agility
 u - 2 potions of flight
 x - a potion of degeneration {unknown}
 N - a potion of mutation
 O - a potion of poison {unknown}
 Q - a potion of ambrosia {unknown}
Miscellaneous
 L - a plain deck of summoning {drawn: 3}
Comestibles
 e - 3 bread rations


   Skills:
 + Level 4.8 Fighting
 + Level 2.4 Short Blades
 + Level 1.7 Maces & Flails
 * Level 4.0 Bows
 + Level 6.3 Crossbows
 + Level 5.3 Armour
 + Level 5.2 Dodging
 + Level 2.4 Stealth
 + Level 1.0 Evocations


You had 8 spell levels left.
You didn't know any spells.

Dungeon Overview and Level Annotations

Branches:
Dungeon (7/15)             Temple (0/1) D:5

Altars:
Ashenzari
Gozag
Nemelex Xobeh
Sif Muna
Xom
The Shining One

Annotations:
D:7 Joseph


Innate Abilities, Weirdness & Mutations

You are under a permanent stasis effect.
You can dig through walls and to a lower floor.
Your four strong arms can wield two-handed weapons with a shield.
You have a pair of large antennae on your head (SInv).


Message History

You draw a card...
It is the Illusion.
Suddenly you stand beside yourself.
Joseph shoots a sling bullet.
The sling bullet hits you.
You swap places.
You swap places.
z - 30 sling bullets (gained 1)
You swap places.
You swap places.
Joseph unwields an uncursed hunting sling.
Joseph wields an uncursed quarterstaff of protection.
Joseph misses you.
Things that are here:
25 gold pieces; a sling bullet; a giant club You completely miss Joseph.
Joseph zaps a wand.
The bolt of fire hits you! The fire burns you terribly!
* * * LOW HITPOINT WARNING * * *
It is a wand of fire.
You barely miss Joseph.
Joseph zaps a wand.
The bolt of fire hits you! The fire burns you terribly!
You die...
Your body crumbles into a pile of gold.

##.#.##.###.##..#
#.#.#...##...... #{..
#........####.## #...
#.#..........># #...
##.####.######## #.o.
#..##.....#####
####...########..##.#.#.....#
#
.............##..##.#.#.....#
#
............(@@@.##.#......)#
#
.............##)###.###.....#
♣
####...########.##..........#
♣ #... #.##...<..##### ♣ #...
#.........# ♣ #..O
####.##.#.# ♣ #... #..._..#
#... ####.####### ....
#........#


You could see Joseph and the friendly magog001's illusion.

Vanquished Creatures
  Sigmund (D:5)
  A water moccasin (D:5)
  Duvessa (D:7)
  An eye of draining (D:5)
  A sky beast (D:6)
  2 ogres
  2 phantoms
  Blork the orc (D:4)
  3 giant frogs (D:6)
  Dowan (D:7)
  A scorpion (D:4)
  3 crimson imps
  2 jellies
  2 orc wizards (D:6)
  3 hounds
  2 orc priests (D:6)
  Crazy Yiuf (D:7)
  Ijyb (D:3)
  5 worker ants
  A hound zombie (D:6)
  4 adders
  2 oozes
  An adder skeleton (D:4)
  An adder zombie (D:5)
  A worm (D:2)
  14 orcs
  5 bats
  5 giant cockroaches
  5 goblins
  8 hobgoblins
  6 jackals
  4 quokkas
  A ball python (D:5)
  A ball python skeleton (D:6)
  5 giant geckos
  6 giant newts
  7 kobolds
  A quokka skeleton (D:6)
  2 rats (D:3)
114 creatures vanquished.

Vanquished Creatures (collateral kills)
  An orc priest (D:6)
  An orc (D:6)
2 creatures vanquished.

Grand Total: 116 creatures vanquished

Notes
Turn   | Place    | Note
--------------------------------------------------------------
     0 | D:1      | magog001 the Formicid Hunter began the quest for the Orb.
     0 | D:1      | Reached XP level 1. HP: 16/16 MP: 1/1
    65 | D:1      | Reached XP level 2. HP: 14/23 MP: 2/2
   784 | D:2      | Reached XP level 3. HP: 20/28 MP: 3/3
  1020 | D:2      | Found a deep blue altar of Sif Muna.
  1420 | D:2      | Found a shimmering altar of Xom.
  1422 | D:2      | Found a shimmering altar of Xom.
  1422 | D:2      | Found a shimmering altar of Xom.
  1436 | D:2      | Found a shimmering altar of Xom.
  1436 | D:2      | Found a shimmering altar of Xom.
  1532 | D:2      | Found a shimmering altar of Xom.
  1532 | D:2      | Found a shimmering altar of Xom.
  1532 | D:2      | Found a shimmering altar of Xom.
  1533 | D:2      | Reached skill level 5 in Crossbows
  1533 | D:2      | Reached XP level 4. HP: 34/34 MP: 4/4
  1534 | D:2      | Found a shimmering altar of Xom.
  1721 | D:2      | Reached skill level 1 in Armour
  2010 | D:3      | Noticed Ijyb
  2033 | D:3      | Killed Ijyb
  2036 | D:3      | Reached XP level 5. HP: 34/39 MP: 5/5
  2960 | D:4      | You fall through a shaft for 3 floors!
  2988 | D:7      | Noticed Crazy Yiuf
  3000 | D:7      | Killed Crazy Yiuf
  3000 | D:7      | Reached XP level 6. HP: 29/46 MP: 6/6
  3075 | D:7      | Found a shattered altar of Ashenzari.
  3103 | D:6      | Got a faintly glowing robe
  3236 | D:6      | Reached skill level 6 in Crossbows
  3236 | D:6      | Reached XP level 7. HP: 32/51 MP: 7/7
  3419 | D:5      | Entered Level 5 of the Dungeon
  3450 | D:4      | Noticed a phantom
  3499 | D:4      | Killed a phantom
  3499 | D:4      | Reached skill level 1 in Short Blades
  3594 | D:4      | Found an opulent altar of Gozag.
  3601 | D:4      | Found a glowing golden altar of the Shining One.
  3612 | D:4      | Became a worshipper of Gozag Ym Sagoz the Greedy
  3917 | D:4      | Reached skill level 1 in Bows
  3984 | D:4      | Noticed Blork the orc
  4000 | D:4      | Killed Blork the orc
  4298 | D:5      | Reached XP level 8. HP: 39/58 MP: 8/8
  4489 | D:5      | Found a sparkling altar of Nemelex Xobeh.
  4811 | D:5      | Noticed Sigmund
  4840 | D:5      | Killed Sigmund
  4840 | D:5      | Reached skill level 1 in Maces & Flails
  5138 | D:5      | Found a staircase to the Ecumenical Temple.
  5443 | D:5      | Identified the +1 robe of the Princess {rN+ Int+4} (You found it on level 6 of the Dungeon)
  5635 | D:6      | Noticed a sky beast
  5648 | D:6      | Killed a sky beast
  5648 | D:6      | Reached XP level 9. HP: 55/65 MP: 9/9
  5882 | D:6      | Reached skill level 5 in Armour
  6313 | D:7      | Noticed Duvessa
  6315 | D:7      | Noticed Dowan
  6323 | D:7      | Killed Duvessa
  6323 | D:7      | Reached skill level 5 in Dodging
  6323 | D:7      | Reached skill level 1 in Evocations
  6332 | D:7      | Killed Dowan
  6502 | D:7      | Noticed an ogre
  6524 | D:7      | Killed an ogre
  6530 | D:7      | Noticed Joseph
  6542 | D:7      | Killed from afar by Joseph

Action                   |  1- 3 |  4- 6 |  7- 9 || total
-------------------------+-------+-------+-------++-------
Melee: Dagger            |       |    97 |   293 ||   390
       Flail             |       |       |   110 ||   110
 Fire: Hand crossbow     |    72 |    15 |     3 ||    90
       Shortbow          |       |       |    45 ||    45
 Abil: Dig               |     2 |     7 |    11 ||    20
Evoke: Wand              |       |     3 |     8 ||    11
       Deck              |       |       |     3 ||     3
  Use: Scroll            |       |     7 |     6 ||    13
       Potion            |       |     1 |     6 ||     7
 Stab: Sleeping          |       |       |     1 ||     1
  Eat: Chunk             |     3 |     4 |       ||     7
       Bread ration      |       |     1 |       ||     1
       Meat ration       |       |       |     3 ||     3
       Beef jerky        |       |       |     2 ||     2
